Map: Cyber Forest LE

Players

Smeeeger - Winner!

  • Race: Zerg Zerg
  • League: Platinum
  • Spawn Location: 5:00

Rush

  • Race: Protoss Protoss
  • League: Platinum
  • Spawn Location: 11:00

VOD

Have the link to the VOD?

Description

Time

  • Played on: July 19, 2019, 1:11 p.m.
  • Length: 6:21
Show
View Real Time Build Order
Export as new Build Order

Smeeeger Zerg - Winner!

Build Orders: Hatch First 

Get SALT Encoding   

  12  0:02  Drone  
  13  0:15  Overlord  
  13  0:19  Drone  
  14  0:34  Drone x2  
  16  0:41  Drone  
  17  0:48  Drone  
  18  1:02  Hatchery, Drone, Extractor  
  17  1:26  Drone  
  17  1:28  Spawning Pool  
  17  2:18  Drone x3  
  17  2:19  Queen  
  22  2:25  Spine Crawler  
  21  2:35  Queen  
  23  3:14  Drone  
  23  3:15  Zergling x6  
  23  3:16  Zergling x2  
  28  3:34  Spine Crawler  
  28  3:37  Extractor  
  28  3:38  Extractor  
  28  3:40  Spawning Pool  
  24  3:48  Spine Crawler  
  23  3:52  Spine Crawler  
  23  3:55  Drone  
  23  3:56  Drone x3  
  25  4:21  Drone x3  
  26  4:41  Drone  
  27  4:45  Zergling x2  
  27  5:11  Drone  
  28  5:28  Overlord x3  
  28  5:39  Spine Crawler  
  28  5:41  Hatchery  
  26  5:49  Drone  
  29  5:50  Zergling x2  
  29  5:51  Zergling x16  
  38  6:02  Overlord  
Show
View Real Time Build Order
Export as new Build Order

Rush Protoss 

Build Orders: Cannon Rush 

Get SALT Encoding   

  12  0:00  Probe  
  13  0:08  Probe  
  14  0:18  Pylon  
  14  0:24  Probe  
  15  0:36  Probe  
  15  0:39  Forge  
  16  0:48  Probe  
  17  1:05  Pylon  
  17  1:13  Probe  
  18  1:26  Photon Cannon  
  18  1:28  Pylon  
  18  1:33  Photon Cannon  
  18  1:38  Photon Cannon  
  17  1:53  Photon Cannon  
  17  1:57  Pylon  
  16  2:40  Probe  
  17  2:52  Probe  
  17  2:56  Pylon  
  18  2:59  Photon Cannon  
  18  3:01  Photon Cannon  
  18  3:04  Probe, Pylon  
  19  3:08  Photon Cannon  
  19  3:12  Gateway  
  19  3:17  Probe  
  19  3:18  Photon Cannon  
  20  3:37  Photon Cannon  
  20  3:40  Photon Cannon  
  20  3:49  Probe  
  21  3:57  Probe  
  21  3:59  Photon Cannon  
  22  4:14  Zealot  
  12  4:41  Zealot  
  10  4:50  Probe  
  9  5:08  Zealot  
  11  5:26  Probe  
  10  5:38  Probe  
  9  5:51  Zealot  
  11  5:58  Probe  
Tags
 
Add a new tag
Caveats
  • Supply blocks, unpowered buildings, or Contaminate may cause inaccurate times.
  • Supply counts are checked every 10 seconds.